 Dungeon Crawl Stone Soup version 0.31.0-11-ge490571c62 (webtiles) character file.

Game seed: 14044529062838710135

454 qw the Shooter (level 6, -10/30 HPs)
             Began as a Spriggan Hunter on Feb 3, 2024.
             Mangled by a phantom (13 damage)
             ... on level 5 of the Dungeon.
             The game lasted 00:00:13 (3453 turns).

qw the Shooter (Spriggan Hunter)                    Turns: 3453, Time: 00:00:13

Health: -10/30     AC:  4    Str:  7    XL:     6   Next: 76%
Magic:  7/7        EV:  4    Int: 11    God:
Gold:   244        SH:  0    Dex: 20    Spells: 5/5 levels left

rFire   . . .        a - +0 shortbow
rCold   . . .        (shield currently unavailable)
rNeg    . . .        g - +2 animal skin
rPois   .            (helmet restricted)
rElec   .            (no cloak)
rCorr   .            (gloves unavailable)
SInv    +            (boots unavailable)
Will    +....        (no amulet)
Stlth   ++           (no ring)
HPRegen 0.25/turn    (no ring)
MPRegen 0.10/turn

%: no passive effects
@: sleeping, very quick
A: very small, no large weapons, unfitting armour, see invisible, speed 3
a: no special abilities


You were on level 5 of the Dungeon.
You visited 1 branch of the dungeon, and saw 5 of its levels.

You collected 244 gold pieces.


Innate Abilities, Weirdness & Mutations

You are very small and have problems with some larger weapons.
You are too small for most types of armour.
You have supernaturally acute eyesight. (SInv)
You cover ground extremely quickly. (Speed+++)


   Skills:
 - Level 2.1 Fighting
 + Level 6.8 Ranged Weapons
 - Level 6.0 Dodging
 - Level 1.5 Stealth


You had 5 spell levels left.
You didn't know any spells.
Your spell library was empty.

Inventory:

Hand Weapons
 a - a +0 shortbow (weapon)
Armour
 g - a +2 animal skin (worn)
Potions
 f - a potion of resistance

Dungeon Overview and Level Annotations

Branches:
Dungeon (5/15)
 Temple: D:4-7

Altars:
Wu Jian

Shops:
D:2 =   D:3 [


Message History

You shoot an arrow.
The arrow hits the sleepcap but does no damage.
The sleepcap is severely damaged.
The phantom hits you but does no damage.
The sleepcap completely misses you.
You shoot an arrow. The arrow hits the sleepcap.
The sleepcap is severely damaged.
The sleepcap completely misses you. The phantom hits you.
You shoot an arrow.
The arrow hits the sleepcap but does no damage.
The sleepcap is severely damaged.
The phantom closely misses you. The sleepcap barely misses you.
You shoot an arrow.
The arrow hits the sleepcap but does no damage.
The sleepcap is severely damaged.
The sleepcap completely misses you. The phantom misses you.
You shoot an arrow.
The arrow hits the sleepcap but does no damage.
The sleepcap is severely damaged.
The phantom hits you.
The phantom blinks!
You blink.
Found 6 gold pieces.
You shoot an arrow. The arrow hits the phantom.
The phantom is heavily damaged.
The phantom hits you but does no damage.
You shoot an arrow. The arrow barely misses the phantom.
The phantom closely misses you.
You shoot an arrow. The arrow hits the phantom!
The phantom is almost destroyed.
The phantom barely misses you.
You shoot an arrow. The arrow misses the phantom.
The sleepcap barely misses you. The phantom completely misses you.
You shoot an arrow.
The arrow hits the phantom but does no damage.
The phantom is almost destroyed.
The phantom misses you. The sleepcap releases spores at you.
You shoot an arrow. The arrow hits the sleepcap.
The sleepcap is almost destroyed.
The sleepcap releases spores at you!
You are engulfed in a cloud of soporific spores!
You fall asleep.
The phantom hits you!
You die...

. #..
.$..######### #
..........#....
.......@....###
#...##W.f...#<#
# #
#.......#.#.#.#
#.......#.....#
#....<.>...##.#
......#..###
###....#..#
......#..####.#
### #.......#


You could see a phantom and a sleepcap.

Vanquished Creatures
  An ogre (D:4)
  2 howler monkeys
  3 orc priests
  A hound (D:4)
  An iguana (D:4)
  Robin (D:4)
  5 adders
  A dart slug (D:3)
  13 orcs
  3 ball pythons
  4 bats
  5 endoplasms
  2 giant cockroaches
  10 goblins
  7 hobgoblins
  8 jackals
  3 quokkas
  A frilled lizard (D:1)
  6 kobolds
  5 rats
82 creatures vanquished.

Notes
Turn   | Place    | Note
-------+----------+-------------------------------------------
     0 | D:1      | qw the Spriggan Hunter began the quest for the Orb.
     0 | D:1      | Reached XP level 1. HP: 10/10 MP: 2/2
     0 | D:1      | 0 ||| qw: Version: 0.3-a-157-g843a77d
     0 | D:1      | 0 ||| qw: Game counter: 3710
     0 | D:1      | 0 ||| qw: Melee chars always use a shield: true
     0 | D:1      | 0 ||| qw: God list: Okawaru
     0 | D:1      | 0 ||| qw: Allow faded altars: false
     0 | D:1      | 0 ||| qw: Do Orc after clearing Dungeon:15 true
     0 | D:1      | 0 ||| qw: Do second Lair branch before Depths: true
     0 | D:1      | 0 ||| qw: Lair rune preference: random
     0 | D:1      | 0 ||| qw: Goals: Normal
     0 | D:1      | 0 ||| PLANNING D:1-11
     8 | D:1      | Found a faded altar of an unknown god.
    34 | D:1      | Reached skill level 3 in Dodging
   231 | D:1      | Reached XP level 2. HP: 7/14 MP: 3/3
   409 | D:1      | You fall into a shaft and drop 1 floor!
   410 | D:2      | 410 ||| DROPPING scroll of butterflies.
   993 | D:2      | Reached XP level 3. HP: 18/18 MP: 4/4
  1230 | D:2      | Found Xeruvebu's Jewellery Boutique.
  1243 | D:2      | 1243 ||| SHOPLISTING +5 ring of evasion (504 gold, have
                  | 160).
  1243 | D:2      | 1243 ||| SHOPLISTING amulet of the Four Winds {rN+ Will+++
                  | Clar} (849 gold, have 160).
  1243 | D:2      | 1243 ||| SHOPLISTING amulet of the acrobat (420 gold, have
                  | 160).
  1243 | D:2      | 1243 ||| SHOPLISTING ring "Jueduos" {rPois rC+ Int+6 Dex-3}
                  | (670 gold, have 160).
  1243 | D:2      | 1243 ||| SHOPLISTING ring of ice (350 gold, have 160).
  1243 | D:2      | 1243 ||| SHOPLISTING ring of protection from cold (350
                  | gold, have 160).
  1243 | D:2      | 1243 ||| SHOPLISTING ring of protection from fire (350
                  | gold, have 160).
  1362 | D:2      | 1362 ||| READING scroll labelled HEPTOC TELIEHE.
  1363 | D:2      | 1363 ||| READING scroll labelled ZAFUEH AMALORRE.
  1368 | D:2      | 1368 ||| DRINKING 2 sedimented red potions.
  1369 | D:2      | 1369 ||| DRINKING coppery potion.
  1370 | D:2      | 1370 ||| DRINKING yellow potion.
  1371 | D:2      | 1371 ||| DRINKING amethyst potion.
  1372 | D:2      | 1372 ||| DROPPING potion of ambrosia.
  1436 | D:3      | Reached XP level 4. HP: 22/22 MP: 5/5
  1592 | D:3      | Reached XP level 5. HP: 16/25 MP: 6/6
  1711 | D:3      | Found Gammoxus's Armour Boutique.
  2192 | D:3      | 2192 ||| READING scroll labelled OTATADA OCIXTA.
  2193 | D:3      | 2193 ||| READING 2 scrolls labelled EREUCI JEIKH.
  2194 | D:3      | 2194 ||| READING scroll labelled ANARIV BUE.
  2195 | D:3      | 2195 ||| DROPPING scroll of blinking.
  2379 | D:4      | Reached skill level 6 in Ranged Weapons
  2426 | D:4      | Noticed an ogre
  2433 | D:4      | Killed an ogre
  2434 | D:4      | Reached XP level 6. HP: 30/30 MP: 7/7
  2479 | D:4      | Reached skill level 6 in Dodging
  2813 | D:4      | Noticed Robin
  2818 | D:4      | HP: 4/30 [goblin/+1 dagger of electrocution[Robin] (7)]
  2819 | D:4      | 2819 ||| READING scroll of teleportation.
  2970 | D:4      | Found an ornate altar of the Wu Jian Council.
  3191 | D:4      | Killed Robin
  3303 | D:4      | 3303 ||| UPGRADING to +2 animal skin.
  3313 | D:4      | 3313 ||| DROPPING +0 robe.
  3314 | D:4      | 3314 ||| READING scroll labelled ROEROR TAUN.
  3370 | D:4      | 3370 ||| READING 3 scrolls labelled EMEYCO UREZON.
  3370 | D:4      | 3370 ||| IDENTIFYING golden potion
  3371 | D:4      | 3371 ||| READING 2 scrolls of identify.
  3371 | D:4      | 3371 ||| IDENTIFYING blue potion
  3372 | D:4      | 3372 ||| READING scroll of identify.
  3372 | D:4      | 3372 ||| IDENTIFYING scroll labelled DOTSIONL XUPSA
  3373 | D:4      | 3373 ||| DROPPING scroll of poison.
  3374 | D:4      | 3374 ||| DROPPING potion of brilliance.
  3422 | D:5      | Entered Level 5 of the Dungeon
  3453 | D:5      | HP: 3/30 [sleepcap (7)]
  3453 | D:5      | Mangled by a phantom

Levels and vault maps discovered:
D:1:      scummos_arrival_simple_crosswalls, layout_loops_corners,
          shapermc_ecumenical_altar_starsandcircs
D:2:      layout_rooms, serial_shops, nicolae_shop_window_shopping
D:3:      layout_loops_ring, serial_shops, shop, nicolae_twisty_statue_hallways
D:4:      layout_basic, pdpol_wu_jian_five_deadly_venoms, minmay_statues_item,
          uniq_robin
D:5:      layout_basic, mainiacjoe_overflow_boulevard, grunt_ministairs_8

Skill      XL: |  1  2  3  4  5  6 |
---------------+-------------------+-----
Dodging        | 3 4 5 6 |  6.0
Ranged Weapons | 5 6 |  6.8
Fighting       | 2 |  2.1
Stealth        | |  1.5

Action                     |  1- 3 |  4- 6 || total
---------------------------+-------+-------++-------
   Fire: Shortbow          |   114 |   192 ||   306
    Use: Potion            |     4 |       ||     4
         Scroll            |     2 |     8 ||    10
 Armour: Robe              |    21 |    29 ||    50
         Animal skin       |       |    16 ||    16
  Dodge: Dodged            |    64 |    97 ||   161

Table legend:
 A = Non-vault XP
 B = Vault XP
 C = Vault XP percentage of total XP
 D = Non-vault monster count
 E = Vault monster count
 F = Vault count percentage of total count
                 A         B        C        D         E       F
            +---------+---------+-------+---------+---------+-------
      Total |     612 |      37 |   5.7 |      71 |      11 |  13.4
            +---------+---------+-------+---------+---------+-------
        D:1 |      27 |       0 |   0.0 |      16 |       0 |   0.0
        D:2 |      52 |       0 |   0.0 |      18 |       0 |   0.0
        D:3 |     183 |       0 |   0.0 |      17 |       0 |   0.0
        D:4 |     350 |      37 |   9.6 |      20 |      11 |  35.5
            +---------+---------+-------+---------+---------+-------
